 Dungeon Crawl Stone Soup version 0.19-a0-503-g45a6586 (webtiles) character file.

25 tyrsky the Insei (level 3, -1/17 HPs)
             Began as a Vine Stalker Transmuter on June 5, 2016.
             Killed from afar by Natasha (9 damage)
             ... with a wand of flame
             ... on level 2 of the Dungeon.
             The game lasted 00:02:50 (476 turns).

tyrsky the Insei (Vine Stalker Transmuter)           Turns: 476, Time: 00:02:50

Health: -1/17      AC:  2    Str: 13    XL:     3   Next: 6%
Magic:  0/7        EV: 12    Int: 13    God:
Gold:   65         SH:  0    Dex: 14    Spells: 1 memorised, 5 levels left

rFire  . . .     SeeInvis .       - Unarmed
rCold  . . .     Gourm    .     b - +0 robe
rNeg   . . .     Faith    .     (no shield)
rPois  .         Spirit   +     (no helmet)
rElec  .         Dismiss  .     (no cloak)
rCorr  .         Reflect  .     (no gloves)
SustAt .         Harm     .     (no boots)
MR     .....                    (no amulet)
Stlth  ++........               (no ring)
                                (no ring)

@: not resistant to hostile enchantments, unstealthy
A: fangs 2, regeneration 1, magic shield, antimagic bite, no device heal 3, rot
immunity
a: no special abilities


You were on level 2 of the Dungeon.
You were not hungry.

You visited 1 branch of the dungeon, and saw 2 of its levels.

You collected 65 gold pieces.

Inventory:

Missiles
 a - 12 arrows
Armour
 b - a +0 robe (worn)
Scrolls
 e - 3 scrolls of identify {unknown}
 g - a scroll of remove curse {unknown}
 h - a scroll of enchant armour {unknown}
 i - a scroll of random uselessness {unknown}
 j - a scroll of amnesia {unknown}
 k - a scroll of enchant weapon {unknown}
Potions
 l - a potion of haste {unknown}
Books
 c - a book of Changes

   Spells                             Type                      Level
   a - Beastly Appendage              Transmutation                1
   b - Sticks to Snakes               Transmutation                2
   c - Spider Form                    Transmutation/Poison         3
   d - Ice Form                       Ice/Transmutation            4
   e - Blade Hands                    Transmutation                5
Comestibles
 d - a bread ration
 f - a beef jerky


   Skills:
 - Level 0.8 Fighting
 + Level 2.0 Dodging
 + Level 1.1 Stealth
 + Level 3.4 Unarmed Combat
 - Level 2.1 Spellcasting
 + Level 2.3 Transmutations


You had 5 spell levels left.
You knew the following spells:

 Your Spells              Type           Power        Failure   Level  Hunger
a - Beastly Appendage     Tmut           #.....       12%         1    ##.....


Dungeon Overview and Level Annotations

Branches:
Dungeon (2/15)

Altars:

Annotations:
D:2 Natasha


Innate Abilities, Weirdness & Mutations

You have extremely sharp teeth.
Your natural rate of healing is unusually fast.
When hurt, damage is shared between your health and your magic reserves.
Your bite disrupts and absorbs the magic of your enemies.
Potions and wands cannot restore your health.
You are immune to rotting.


Message History

You barely miss Natasha. Your bite misses Natasha.
Natasha is moderately wounded.
Natasha zaps a wand.
The puff of flame misses you.
You closely miss Natasha.
Natasha is moderately wounded.
Natasha barely misses you.
You barely miss Natasha.
Natasha is moderately wounded.
Natasha claws you.
You barely miss Natasha.
Natasha is moderately wounded.
Natasha stares at you and mumbles some strange words.
The magic dart hits you!
You hit Natasha.
Natasha is severely wounded.
You hit Natasha.
Natasha is almost dead.
Natasha zaps a wand.
The puff of flame hits you!
Ouch! That really hurt!
You die...

...!..#...#.# #...
..)...........####..##
........<.#....##...
#..............##.# .........
#.......###.#.....# ..........
#......# #.#..#..### .........#
#......####.#.......# .........#
#..........)#...#.### .[.......#
#....fh# #......)..## .........#
#......# #..........#
.........###......###..........#
...................##........#.#
........##########...........#.#
.........# ####.......^.#..
.........# #....#####..#####
.........# #.#### ##....
.........########.# ######


You could see Natasha.

Vanquished Creatures
  2 dart slugs (D:2)
  A giant gecko (D:1)
  A bat (D:2)
  3 goblins
  2 hobgoblins (D:1)
  A giant newt (D:1)
  8 kobolds
  3 rats (D:1)
21 creatures vanquished.

Notes
Turn   | Place    | Note
--------------------------------------------------------------
     0 | D:1      | tyrsky the Vine Stalker Transmuter began the quest for the Orb.
     0 | D:1      | Reached XP level 1. HP: 9/9 MP: 4/4
   155 | D:2      | Reached XP level 2. HP: 13/14 MP: 6/6
   168 | D:2      | Noticed Natasha
   179 | D:2      | Reached skill level 1 in Stealth
   356 | D:1      | Reached XP level 3. HP: 17/17 MP: 7/7
   476 | D:2      | Killed from afar by Natasha

Vault maps used:
D:1:      sevenhm_arrival_forest_fort_small_5
D:2:      uniq_crazy_yiuf_cottage, uniq_natasha

Skill      XL: |  1  2 |
---------------+-------+-----
Stealth        | 1 |  1.1
Dodging        | 2 |  2.0
Fighting       | |  0.8
Unarmed Combat | |  3.4
Spellcasting   | |  2.1
Transmutations | |  2.3

Action                   || total
-------------------------++-------
Melee: Unarmed           ||    72
       Bite              ||     8
       Punch             ||     3
 Stab: Sleeping          ||     2
Armor: Robe              ||     9
Dodge: Dodged            ||    47
